 Dungeon Crawl Stone Soup version 0.28.0-45-g0d030f2227 (webtiles) character file.

Game seed: 13304007022009681176

91 Peloso the Covered (level 4, 0/41 HPs)
             Began as a Minotaur Fighter on Apr 3, 2022.
             Slain by Grinder (1 damage)
             ... on level 3 of the Dungeon.
             The game lasted 00:02:52 (2100 turns).

Peloso the Covered (Minotaur Fighter)               Turns: 2100, Time: 00:02:52

Health: 0/41       AC:  9    Str: 20    XL:     4   Next: 33%
Magic:  3/3        EV:  7    Int:  5    God:
Gold:   155        SH:  5    Dex: 12    Spells: 3/3 levels left

rFire   . . .      SeeInvis .   a - +0 long sword
rCold   . . .      Faith    .   c - +0 buckler
rNeg    . . .      Spirit   .   i - +0 chain mail
rPois   .          Reflect  .   (helmet restricted)
rElec   .          Harm     .   (no cloak)
rCorr   .          Rampage  .   (no gloves)
Will    .....                   (no boots)
Stlth   ..........              (no amulet)
HPRegen 0.13/turn               (no ring)
MPRegen 0.08/turn               (no ring)

@: flying
A: horns 2, retaliatory headbutt
a: no special abilities


You were on level 3 of the Dungeon.
You visited 1 branch of the dungeon, and saw 3 of its levels.

You collected 181 gold pieces.
You spent 26 gold pieces at shops.

Inventory:

Hand Weapons
 a - a +0 long sword (weapon)
 b - a +2 short sword of speed
Armour
 c - a +0 buckler (worn)
 i - a +0 chain mail (worn)
Scrolls
 g - 2 scrolls of fear {unknown}
 h - a scroll of enchant weapon {unknown}
 j - a scroll of torment {unknown}
 k - a scroll of identify
 l - a scroll of blinking {unknown}
 n - 2 scrolls of enchant armour {unknown}
Potions
 d - a potion of might
 e - a potion of invisibility {unknown}
 f - a potion of lignification {unknown}
 m - a potion of flight
 o - a potion of berserk rage {unknown}


   Skills:
 + Level 4.3 Fighting
 + Level 3.5 Long Blades
 + Level 4.6 Armour
 + Level 0.1 Dodging
 + Level 0.1 Stealth
 + Level 4.2 Shields


You had 3 spell levels left.
You didn't know any spells.
Your spell library contained the following spells:

 Spells                   Type           Power      Damage    Failure   Level
 Ensorcelled Hibernation  Hex/Ice        0%         N/A       100%        2
 Static Discharge         Conj/Air       0%         N/A       100%        2
 Spider Form              Tmut/Pois      0%         N/A       100%        3
 Anguish                  Hex/Necr       0%         N/A       100%        4
 Lightning Bolt           Conj/Air       0%         1d11      100%        5
 Maxwell's Capacitive Co  Air            0%         ∞         100%        8


Dungeon Overview and Level Annotations

Branches:
Dungeon (3/15)

Altars:

Shops:
D:2 ?

Annotations:
D:3 Grinder


Innate Abilities, Weirdness & Mutations

You have a pair of horns on your head.
You reflexively headbutt those who attack you in melee.


Message History

There is an open door here.
You now have 155 gold pieces (gained 17).
You open the door.
Grinder comes into view.
Grinder shouts!
Grinder gestures at you. Pain shoots through your body!
There is an open door here.
Grinder is nearby!
You hit Grinder.
Grinder is lightly wounded.
Grinder hits you.
You writhe in agony.
Grinder hits you!
You writhe in agony.
You barely miss Grinder. You headbutt Grinder, but do no damage.
Grinder is lightly wounded.
Grinder closely misses you. You furiously retaliate!
You headbutt Grinder! You closely miss Grinder.
Grinder is moderately wounded.
Grinder gestures at you. Pain shoots through your body!
* * * LOW HITPOINT WARNING * * *
You hit Grinder.
Grinder is heavily wounded.
Grinder gestures at you.
You suddenly lose the ability to move!
Grinder gestures at you. You resist with significant effort.
Grinder blinks!
You can move again.
It was a potion of flight.
You feel very buoyant.
You fly up into the air.
Grinder gestures at you.
You shrug off the repeated paralysis!
Okay, then.
You slash Grinder! You headbutt Grinder.
Grinder is almost dead.
Grinder hits you.
* * * LOW HITPOINT WARNING * * *
You writhe in agony.
You die...

..##.#
##.......##
..##.#
#.........#
......
+.........+
..#
#..>......#
##.......##
##.....##
##...## .
########'###
.
.......@...#
#
#..#####5#.#
#.#.# ... #
.... .....
...#...
##.###


You could see Grinder.

Vanquished Creatures
  An orc wizard (D:3)
  2 adders
  2 worms (D:2)
  A dart slug (D:1)
  3 orcs (D:3)
  5 bats
  2 endoplasms
  A giant cockroach (D:1)
  5 goblins
  5 hobgoblins
  2 quokkas (D:2)
  3 kobolds (D:1)
  5 rats
37 creatures vanquished.

Notes
Turn   | Place    | Note
-------+----------+-------------------------------------------
     0 | D:1      | Peloso the Minotaur Fighter began the quest for the Orb.
     0 | D:1      | Reached XP level 1. HP: 19/19 MP: 0/0
   307 | D:1      | Reached XP level 2. HP: 26/27 MP: 1/1
   407 | D:1      | Found a faded altar of an unknown god.
   754 | D:2      | Found Isarepug's Magic Scroll Shop.
   758 | D:2      | Bought a scroll of identify for 26 gold pieces
   946 | D:2      | Reached XP level 3. HP: 33/33 MP: 2/2
  1842 | D:3      | Reached XP level 4. HP: 31/41 MP: 3/3
  2091 | D:3      | Noticed Grinder
  2095 | D:3      | HP: 2/41 [Grinder/nerve-wracking pain (14)]
  2096 | D:3      | Paralysed by Grinder for 3 turns
  2100 | D:3      | HP: 1/41 [Grinder (2)]
  2100 | D:3      | Slain by Grinder

Illustrated notes

Levels and vault maps discovered:
D:1:      matt_arrival_grand_opening, layout_basic, ebering_ecumenical_altar_box
D:2:      layout_loops_corners, serial_shops, nicolae_shop_hallway_stairs
D:3:      layout_loops_corners, minmay_pentangle, uniq_grinder

Skill      XL: |  1  2  3 |
---------------+----------+-----
Armour         | 4 |  4.6
Shields        | 4 |  4.2
Fighting       | 4 |  4.3
Long Blades    | 3 |  3.5
Dodging        | |  0.1
Stealth        | |  0.1

Action                   |  1- 3 |  4- 6 || total
-------------------------+-------+-------++-------
Melee: Long sword        |    76 |     9 ||    85
       Headbutt          |    11 |     2 ||    13
  Use: Potion            |       |     1 ||     1
Armor: Scale mail        |    11 |       ||    11
       Chain mail        |    22 |     3 ||    25
Dodge: Dodged            |    33 |     2 ||    35
Block: Buckler           |    27 |       ||    27
